 Dungeon Crawl Stone Soup version 0.32-a0-128-g77eb882913 (webtiles) character file.

Game seed: 16058838463569953463

1809 Dittersdorf the Covered (level 9, -3/57 HPs)
             Began as a Gargoyle Fighter on Feb 7, 2024.
             Slain by a two-headed ogre
             ... wielding a +0 giant club
              (19 damage)
             ... on level 5 of the Dungeon.
             The game lasted 00:08:10 (6074 turns).

Dittersdorf the Covered (Gargoyle Fighter)          Turns: 6074, Time: 00:08:11

Health: -3/57      AC: 15    Str: 30    XL:     9   Next: 10%
Magic:  9/9        EV:  9    Int:  9    God:
Gold:   214        SH:  9    Dex:  9    Spells: 5/8 levels left

rFire   . . .        e - +3 flail (holy)
rCold   . . .        q - +0 kite shield
rNeg    + . .        b - +0 scale mail
rPois   ∞            s - +0 helmet
rElec   +            (no cloak)
rCorr   +            (no gloves)
SInv    .            (no boots)
Will    .....        (no amulet) Stlth
                     h - ring of resist corrosion
HPRegen 0.29/turn    n - +6 ring of strength
MPRegen 0.11/turn

%: no passive effects
@: no status effects
A: sickness immunity, AC +6, negative energy resistance 1, electricity
resistance, torment resistance 1, petrification resistance
a: no special abilities


You were on level 5 of the Dungeon.
You visited 2 branches of the dungeon, and saw 6 of its levels.

You collected 214 gold pieces.

Inventory:

Hand Weapons
 e - a +3 flail of holy wrath (weapon)
Armour
 b - a +0 scale mail (worn)
 q - a +0 kite shield (worn)
 s - a +0 helmet (worn)
Jewellery
 h - a ring of resist corrosion (left hand)
 n - a +6 ring of strength (right hand)
Scrolls
 f - a scroll of blinking
 g - 2 scrolls of teleportation
 p - a scroll of enchant armour
Potions
 c - a potion of haste
 d - a potion of might
 j - a potion of berserk rage
 l - a potion of degeneration
 o - a potion of mutation
 r - a potion of heal wounds


   Skills:
 + Level 7.0 Fighting
 + Level 6.0 Maces & Flails
 + Level 7.1 Armour
 + Level 7.1 Shields


You had 5 spell levels left.
You knew the following spells:

 Your Spells              Type           Power      Damage    Failure   Level
a - Passwall              Erth           0%         N/A       99%         3

Your spell library contained the following spells:

 Spells                   Type           Power      Damage    Failure   Level
 Sandblast                Erth           0%         2d4       80%         1
 Jinxbite                 Hex            0%         N/A       90%         2
 Hailstorm                Conj/Ice       0%         3d5       99%         3
 Stone Arrow              Conj/Erth      0%         3d7       99%         3
 Summon Ice Beast         Ice/Summ       0%         N/A       99%         3
 Brom's Barrelling Bould  Conj/Erth      0%         2d3       100%        4
 Yara's Violent Unravell  Hex/Alch       0%         3d3       100%        5
 Sculpt Simulacrum        Ice/Alch       0%         N/A       100%        6
 Enfeeble                 Hex            0%         N/A       100%        7


Dungeon Overview and Level Annotations

Branches:
Dungeon (5/15)             Temple (1/1) D:4

Altars:
Ashenzari
Cheibriados
Dithmenos
Fedhas
Hepliaklqana
Makhleb
Nemelex Xobeh
Okawaru
Qazlal
Ru
Sif Muna
Trog
Uskayaw
Vehumet
Wu Jian
Yredelemnul
Zin
The Shining One

Annotations:
D:5 1 runed translucent door, zenocrate's ghost, weakling KoDe


Innate Abilities, Weirdness & Mutations

You are immune to sickness and miasma.
Your stone body is resilient. (AC +6)
You are immune to poison.
You resist negative energy. (rN+)
You are resistant to electric shocks. (rElec)
You are resistant to unholy torment.
You are immune to petrification.


Message History

With Pikel's spell broken, his former minion thanks you for its freedom.
The lemure departs this earthly plane.
Your Fighting skill increases to level 7!
Your Maces & Flails skill increases to level 6!
Your Armour skill increases to level 7!
Your Shields skill increases to level 7!
You have reached level 9!
Your experience leads to an increase in your attributes!
Your base attributes are Str 22, Int 9, Dex 9.
Increase (S)trength, (I)ntelligence, or (D)exterity?
You feel stronger. x2
You start resting.
HP restored.
Things that are here:
a +2 whip of electrocution; a +0 robe of willpower
There is a stone staircase leading down here.
You climb downwards.
Level annotation: 1 runed translucent door, zenocrate's ghost, weakling KoDe
There is a stone staircase leading up here.
The two-headed ogre shouts in stereo!
You hit the two-headed ogre.
The two-headed ogre is lightly wounded.
The two-headed ogre hits you with a +0 giant club!!
The two-headed ogre hits you but does no damage.
You barely miss the two-headed ogre.
The two-headed ogre is lightly wounded.
The two-headed ogre barely misses you.
The two-headed ogre hits you with a +0 giant spiked club!
* * * LOW HITPOINT WARNING * * *
You are too injured to fight recklessly!
You hit the two-headed ogre but do no damage.
The two-headed ogre is lightly wounded.
The two-headed ogre hits you but does no damage. x2
You sock the two-headed ogre!
The two-headed ogre is moderately wounded.
You thump the two-headed ogre!
The two-headed ogre is heavily wounded.
You block the two-headed ogre's attack.
The two-headed ogre hits you with a +0 giant spiked club!!
You die...

## ##..........########...####
.###..<[............#....##
..##.###..............#...####
...#.# #..............###..#.## #
...#.# #..............####....# #
.....# #..........[....<..##.## #
########O.............###.÷...###
#................# ####...#.
#.O#......O@....## #.5...
##.##.........÷#### #.....
#.####.#.........## #.....
#.####.#..##..##..####..5..
#.........##...##..........
#................####...... #
###.......##..##.####...... #
....... #..#........##.. #
........................


You could see a two-headed ogre.

Vanquished Creatures
  Pikel (D:4)
  Sigmund (D:5)
  2 steam dragons (D:5)
  Edmund (D:5)
  A water moccasin (D:5)
  2 ogres (D:5)
  A lemure (D:4)
  Blork the orc (D:5)
  A scorpion (D:5)
  A bombardier beetle (D:4)
  3 hounds
  Jessica (D:3)
  A gnoll bouda (D:3)
  An iguana (D:5)
  5 adders
  8 gnolls
  A dart slug (D:1)
  10 orcs
  5 bats
  4 endoplasms
  5 giant cockroaches
  8 goblins
  7 hobgoblins
  5 jackals
  3 quokkas
  6 ball pythons
  2 frilled lizards
  5 kobolds
  3 rats (D:3)
95 creatures vanquished.

Notes
Turn   | Place    | Note
-------+----------+-------------------------------------------
     0 | D:1      | Dittersdorf the Gargoyle Fighter began the quest for the
                  | Orb.
     0 | D:1      | Reached XP level 1. HP: 14/14 MP: 1/1
   126 | D:1      | Found a faded altar of an unknown god.
   257 | D:1      | Reached XP level 2. HP: 19/19 MP: 2/2
  1034 | D:2      | Reached XP level 3. HP: 22/23 MP: 3/3
  1808 | D:3      | Reached XP level 4. HP: 29/29 MP: 4/4
  1885 | D:3      | Noticed Jessica
  1887 | D:3      | Killed Jessica
  2034 | D:3      | Found a shimmering blue altar of Sif Muna.
  2061 | D:3      | Reached XP level 5. HP: 33/33 MP: 5/5
  2883 | D:3      | Reached XP level 6. HP: 24/39 MP: 6/6
  3307 | D:4      | Found a staircase to the Ecumenical Temple.
  3313 | Temple   | Entered the Ecumenical Temple
  4701 | D:4      | Found a staircase to the Ecumenical Temple.
  4818 | D:5      | Entered Level 5 of the Dungeon
  4887 | D:5      | Noticed Blork the orc
  4937 | D:5      | Killed Blork the orc
  4938 | D:5      | Reached skill level 5 in Fighting
  4938 | D:5      | Reached skill level 5 in Armour
  4938 | D:5      | Reached skill level 5 in Shields
  4938 | D:5      | Reached XP level 7. HP: 39/44 MP: 7/7
  4972 | D:5      | Learned a level 3 spell: Passwall
  5005 | D:5      | Found a runed translucent door.
  5007 | D:5      | Noticed zenocrate's ghost (weakling KoDe)
  5098 | D:5      | Noticed Sigmund
  5113 | D:5      | Killed Sigmund
  5429 | D:5      | Reached XP level 8. HP: 45/51 MP: 8/8
  5463 | D:5      | Reached skill level 5 in Maces & Flails
  5464 | D:5      | Noticed Edmund
  5607 | D:5      | Killed Edmund
  5671 | D:5      | Noticed a two-headed ogre
  5776 | D:5      | Noticed Pikel
  5930 | D:4      | Killed Pikel
  5931 | D:4      | Reached XP level 9. HP: 22/57 MP: 9/9
  6074 | D:5      | Slain by a two-headed ogre

Illustrated notes

Levels and vault maps discovered:
D:1:      kennysheep_arrival_forest, layout_loops_cross,
          hellmonk_ecumenical_altar_inner_sanctum, fountainhead,
          minmay_shallow_snake_nest
D:2:      layout_basic
D:3:      layout_basic, mainiacjoe_overflow_cross_hatched, uniq_jessica
D:4:      layout_basic, minmay_temple_entry_fiery
D:5:      kennysheep_steamy, layout_rooms, gammafunk_ghost_grave,
          minmay_fractal_squares_gapless_5, uniq_blork_the_orc, uniq_edmund,
          uniq_pikel, uniq_sigmund
Temple:   minmay_temple_bridge_d

Skill      XL: |  1  2  3  4  5  6  7  8 |
---------------+-------------------------+-----
Fighting       | 4 5 7 |  7.0
Armour         | 4 5 7 |  7.1
Shields        | 4 5 7 |  7.1
Maces & Flails | 3 4 6 |  6.0

Action                     |  1- 3 |  4- 6 |  7- 9 || total
---------------------------+-------+-------+-------++-------
  Melee: Flail             |   133 |   181 |   111 ||   425
    Use: Scroll            |       |       |    10 ||    10
 Armour: Scale mail        |   103 |   145 |   102 ||   350
  Dodge: Dodged            |    85 |   103 |    38 ||   226
  Block: Buckler           |    38 |     3 |       ||    41
         Kite shield       |       |    80 |    46 ||   126

Table legend: (Time is in decaauts)
 A = Elapsed time spent in this place.
 B = Non-inter-level travel time spent in this place.
 C = Inter-level travel time spent in this place.
 D = Time resting spent in this place.
 E = Time spent auto-exploring this place.
 F = Levels seen in this place.
 G = Mean time per level.
                   A        B        C        D        E       F      G
               +--------+--------+--------+--------+--------+-----+--------+
         Total |   6218 |   5984 |    234 |   1097 |   3732 |   6 | 1036.3 |
       Dungeon |   6217 |   5983 |    234 |   1097 |   3732 |   5 | 1243.4 |
        Temple |      1 |      1 |      0 |      0 |      0 |   1 |    1.0 |
               +--------+--------+--------+--------+--------+-----+--------+

Top non-repeatable levels by time:
     D:4: 2690 daAuts
     D:3: 1256 daAuts
     D:1: 822 daAuts
     D:2: 795 daAuts
     D:5: 652 daAuts
  Temple: 1 daAuts
